 Dungeon Crawl Stone Soup version 0.30-a0-782-ge64f9170bb (console) character file.

Game seed: 1629999206985795118

16153 rlgrobin the Covert (level 12, -2/68 HPs)
             Began as a Deep Elf Delver on Feb 19, 2023.
             Was the Champion of Dithmenos.
             Slain by a bog body (25 damage)
             ... on level 2 of the Lair of Beasts.
             The game lasted 00:38:53 (13873 turns).

rlgrobin the Covert (Deep Elf Delver)              Turns: 13873, Time: 00:38:53

Health: -2/68      AC: 13    Str:  9    XL:     12   Next: 7%
Magic:  23/24      EV: 20    Int: 21    God:    Dithmenos [******]
Gold:   743        SH:  0    Dex: 16    Spells: 17/25 levels left

rFire   . . .      SeeInvis .    i - +3 scimitar (holy)
rCold   . . .      Faith    .    O - orb {guile}
rNeg    . . .      Spirit   .    p - +0 acid dragon scales
rPois   .          Reflect  .    (no helmet)
rElec   .          Harm     .    u - +0 cloak
rCorr   +          Rampage  .    (no gloves)
Will    .....                    w - +1 pair of boots {Stlth+} Stlth **++++++++
                                 (no amulet)
HPRegen 0.31/turn                d - +5 ring of evasion
MPRegen 0.19/turn                j - +4 ring of protection

@: slowed, wreathed by umbra, very slow
A: no striking features
a: Renounce Religion, Shadow Step, Shadow Form


You were on level 2 of the Lair of Beasts.
You worshipped Dithmenos.
Dithmenos was exalted by your worship.
You visited 3 branches of the dungeon, and saw 14 of its levels.
You also visited: Ossuary and Bailey.

You collected 878 gold pieces.
You spent 135 gold pieces at shops.

Inventory:

Hand Weapons
 a - a +2 dagger of venom
 i - a +3 scimitar of holy wrath (weapon)
 V - the +2 short sword of the Dwarven Hall {venom, rF+}
   (You found it on level 1 of the Lair of Beasts)

   rF:        It protects you from fire.
Missiles
 G - a throwing net (quivered)
 K - 3 curare-tipped darts
Armour
 p - +0 acid dragon scales (worn)
 u - a +0 cloak (worn)
 w - a +1 pair of boots of stealth (worn)
 y - a +0 buckler
 O - an orb of guile (worn)
Jewellery
 b - a +4 ring of protection
 d - a +5 ring of evasion (left hand)
 j - a +4 ring of protection (right hand)
 v - a ring of ice
 J - a +6 ring of strength
 P - a ring of see invisible
 R - a +6 ring of strength
Wands
 f - a wand of flame (13)
 g - a wand of digging (3)
 n - a wand of roots (15)
 S - a wand of polymorph (4)
 U - a wand of charming (4)
Scrolls
 c - a scroll of fog
 k - 4 scrolls of blinking
 l - 3 scrolls of teleportation
 r - 2 scrolls of vulnerability
 s - 3 scrolls of immolation
 t - a scroll of brand weapon
 x - a scroll of butterflies
 C - 5 scrolls of enchant weapon
 N - a scroll of amnesia
 Q - a scroll of fear
 T - 3 scrolls of identify
Potions
 e - 3 potions of curing
 h - 2 potions of cancellation
 m - a potion of resistance
 o - 3 potions of heal wounds
 q - 4 potions of mutation
 A - 2 potions of flight
 B - 6 potions of attraction
 E - 4 potions of haste
 F - 2 potions of ambrosia
 H - 2 potions of might
 L - a potion of lignification
Miscellaneous
 D - a lightning rod (4/4)


   Skills:
 + Level 5.5 Fighting
 - Level 5.1 Short Blades
 - Level 8.6 Dodging
 - Level 14.7 Stealth
 + Level 2.5 Shields
 - Level 7.0 Spellcasting
 - Level 8.0 Hexes
 - Level 10.6 Ice Magic
 - Level 2.7 Invocations


You had 17 spell levels left.
You knew the following spells:

 Your Spells              Type           Power      Damage    Failure   Level
a - Ensorcelled Hibernat  Hex/Ice        92%        N/A       1%          2
b - Frozen Ramparts       Ice            100%       1d16      1%          3
c - Confusing Touch       Hex            40%        N/A       1%          3

Your spell library contained the following spells:

 Spells                   Type           Power      Damage    Failure   Level
 Freeze                   Ice            100%       1d10      1%          1
 Tukima's Dance           Hex            40%        N/A       1%          3
 Hailstorm                Conj/Ice       29%        3d8       4%          3
 Dazzling Flash           Conj/Hex       48%        N/A       9%          3
 Inner Flame              Hex/Fire       24%        N/A       9%          3
 Apportation              Tloc           14%        N/A       14%         1
 Beastly Appendage        Tmut           14%        N/A       14%         1
 Kiss of Death            Conj/Necr      28%        2d7       14%         1
 Shock                    Conj/Air       28%        1d4       14%         1
 Ice Form                 Ice/Tmut       29%        N/A       17%         4
 Static Discharge         Conj/Air       14%        2-3/arc   22%         2
 Wereblood                Tmut           7%         N/A       22%         2
 Anguish                  Hex/Necr       12%        N/A       28%         4
 Ignite Poison            Fire/Tmut/Pois 7%         N/A       41%         3
 Kindle Blastsparks       Fire/Tloc/Air  14%        2d11      41%         3
 Spider Form              Tmut/Pois      7%         N/A       41%         3
 Swiftness                Air            7%         N/A       41%         3
 Vhi's Electric Charge    Tloc/Air       14%        N/A       41%         3
 Yara's Violent Unravell  Hex/Tmut       12%        3d7       61%         5
 Freezing Cloud           Conj/Ice/Air   11%        6-21      67%         5
 Airstrike                Air            3%         2d(1-17)  82%         4
 Dispel Undead            Necr           7%         3d8       82%         4
 Flame Wave               Conj/Fire      7%         2d5       82%         4
 Iskenderun's Mystic Bla  Conj/Tloc      7%         2d4       82%         4
 Passage of Golubria      Tloc           7%         N/A       82%         4
 Sticky Flame             Conj/Fire      7%         2d3       82%         4
 Simulacrum               Ice/Necr       14%        N/A       95%         6
 Alistair's Intoxication  Tmut/Pois      4%         N/A       99%         5
 Arcjolt                  Conj/Air       3%         1d13      99%         5
 Blade Hands              Tmut           3%         N/A       99%         5
 Irradiate                Conj/Tmut      3%         3d12      99%         5
 Lightning Bolt           Conj/Air       3%         1d15      99%         5
 Starburst                Conj/Fire      3%         6d3       100%        6
 Dragon Form              Tmut           3%         N/A       100%        7


Dungeon Overview and Level Annotations

Branches:
Dungeon (11/15)            Temple (1/1) D:5            Lair (2/5) D:11
Ossuary (visited)          Bailey (visited)
  Swamp: Lair:2-3    Shoals: Lair:2-3     Snake: Lair:2-3    Spider: Lair:2-3
    Orc: D:9-12

Altars:
Ashenzari
Cheibriados
Dithmenos
Elyvilon
Fedhas
Gozag
Hepliaklqana
Kikubaaqudgha
Makhleb
Nemelex Xobeh
Okawaru
Qazlal
Ru
Sif Muna
Trog
Uskayaw
Vehumet
Wu Jian
Xom
Yredelemnul
Zin
The Shining One

Shops:
D:2 *   D:3 [   D:10 (

Annotations:
D:8 4 transporters


Message History

Moving in this stuff is going to be slow.
A bog body comes into view.
The swamp worm attacks as you move away!
The swamp worm bites you.
Casting: Ensorcelled Hibernation (safe; 1% risk of failure)
Confirm with . or Enter, or press ? or * to list all spells.
Aiming: Ensorcelled Hibernation (safe; 1% risk of failure)
Press: ? - help, Shift-Dir - straight line, f - swamp worm
Aim: a swamp worm (umbra, chance to affect: 83%)
The swamp worm looks drowsy...
The bog body barely misses you.
The helpless swamp worm fails to defend itself.
You perforate the swamp worm like a sieve!!!!
You kill the swamp worm!
Dithmenos accepts your kill.
The bog body touches you but does no damage.
Casting: Ensorcelled Hibernation (safe; 1% risk of failure)
Confirm with . or Enter, or press ? or * to list all spells.
Okay, then.
Unknown command.
Your +2 dagger of venom stops dripping with poison.
Your +3 scimitar of holy wrath softly glows with a divine radiance!
i - a +3 scimitar of holy wrath (weapon)
The bog body gestures at you while chanting.
The bolt of cold misses you.
You closely miss the bog body.
Your shadow barely misses the bog body.
The bog body points at you and mumbles some strange words.
The bolt of cold hits you!!
You emit a cloud of dark smoke.
The bog body gestures at you while chanting.
You feel yourself slow down.
You slash the bog body!
The bog body convulses!
The bog body is heavily damaged.
Your shadow closely misses the bog body.
The bog body misses you.
The bog body gestures at you while chanting.
You feel as though you will be slow longer.
You slash the bog body!
The bog body convulses!
You destroy the bog body!
Dithmenos accepts your kill. The bog body touches you!
The bog body freezes you!!
You die...

.................(....#
......P..............#
.....................#
#.#.#.#.#.#...#.....P#
................⌠⌠..#
#.#.#.#.#.#....♣§§♣.#
...............♣§§♣
#.#.#.#.#.#...♣♣§§♣♣
..............♣~@§§♣
#.#.#.#.#.#...♣~n§§♣
..............♣~♣.~♣
#.#.#.#.#.#...♣♣..~♣
.............♣♣♣.♣~♣
#.#.#.#.#.#..♣ ~..~♣
####.........♣♣≈.♣~♣
.............♣♣≈..~♣
.............♣


You could see a bog body.

Vanquished Creatures
  A boulder beetle (D:11)
  A bog body (Lair:2)
  Pikel (D:5)
  An orc knight (Bailey)
  2 black mambas
  2 cane toads (Lair:2)
  Maggie (D:7)
  A kobold demonologist (D:11)
  3 komodo dragons
  A troll (D:11)
  A hornet (D:8)
  5 blink frogs (Lair:1)
  A shadow (D:11)
  A vampire (D:11)
  A wraith (D:11)
  10 yaks
  3 wyverns
  2 basilisks (D:11)
  2 vampire mosquitoes (D:10)
  A swamp worm (Lair:2)
  2 acid dragons
  7 water moccasins
  A swamp drake (D:11)
  An ice beast (D:7)
  8 orc warriors
  A black bear (D:5)
  10 wolves
  A sky beast (D:8)
  4 centaurs
  6 bullfrogs
  5 kobold brigands
  3 scorpions
  4 gnoll sergeants
  21 wights
  8 killer bees
  3 howler monkeys (D:11)
  An electric eel (D:7)
  A lava snake (D:10)
  Crazy Yiuf (D:2)
  5 orc priests
  A hound (D:5)
  2 jellies
  3 gnoll boudas
  Jessica (D:2)
  6 iguanas
  7 orc wizards
  A mummy (Ossuary)
  Robin (D:3)
  36 gnolls
  9 adders
  3 white imps
  An ufetubus (D:3)
  3 worms
  A dart slug (D:5)
  35 orcs
  3 spectral bats (Ossuary)
  6 ball pythons
  7 endoplasms
  3 giant cockroaches
  10 hobgoblins
  2 jackals (D:2)
  24 kobolds
  6 quokkas
  2 bats (D:1)
  4 bat simulacra (Ossuary)
  5 frilled lizards
  12 gnoll zombies (Ossuary)
  17 goblins
  2 goblin simulacra (Ossuary)
  3 goblin zombies (Ossuary)
  4 hobgoblin zombies (Ossuary)
  3 kobold simulacra (Ossuary)
  7 kobold zombies (Ossuary)
  4 orc zombies (Ossuary)
  6 rats
  2 rat simulacra (Ossuary)
  A spectral goblin (Ossuary)
  3 spectral kobolds (Ossuary)
  3 spectral rats (Ossuary)
383 creatures vanquished.

Vanquished Creatures (others)
  A fungus (Lair:1)
  5 plants (D:10)
6 creatures vanquished.

Grand Total: 389 creatures vanquished

Notes
Turn   | Place    | Note
-------+----------+-------------------------------------------
     0 | D:5      | rlgrobin the Deep Elf Delver began the quest for the Orb.
     0 | D:5      | Reached XP level 1. HP: 13/13 MP: 3/3
    48 | D:5      | Noticed a hound
    75 | D:5      | Killed a hound
    76 | D:5      | Reached skill level 7 in Stealth
    76 | D:5      | Reached XP level 2. HP: 3/18 MP: 4/4
    76 | D:5      | Reached XP level 3. HP: 4/22 MP: 5/5
   171 | D:5      | Found a staircase to the Ecumenical Temple.
   180 | Temple   | Entered the Ecumenical Temple
   238 | Temple   | Became a worshipper of Dithmenos the Shadowed
   423 | D:2      | Found a faded altar of an unknown god.
   512 | D:2      | Found Erheeg's General Store.
   750 | D:1      | Reached XP level 4. HP: 20/27 MP: 6/6
   841 | D:1      | Reached * piety under Dithmenos
   842 | D:1      | Reached skill level 8 in Stealth
   860 | D:1      | Learned a level 2 spell: Ensorcelled Hibernation
  1149 | D:2      | Noticed Jessica
  1150 | D:2      | Killed Jessica
  1151 | D:2      | Reached skill level 1 in Spellcasting
  1151 | D:2      | Reached skill level 1 in Hexes
  1758 | D:2      | Reached XP level 5. HP: 31/31 MP: 10/10
  2064 | D:2      | Found a runed translucent door.
  2065 | D:2      | Noticed Crazy Yiuf
  2079 | D:2      | Killed Crazy Yiuf
  2276 | D:3      | Reached skill level 1 in Ice Magic
  2517 | D:3      | Reached ** piety under Dithmenos
  2702 | D:3      | Reached XP level 6. HP: 36/36 MP: 8/13
  2829 | D:3      | Found Buplergho's Antique Armour Shop.
  2841 | D:3      | Bought a pair of runed boots for 135 gold pieces
  2965 | D:3      | Found an iron altar of Okawaru.
  2971 | D:3      | Noticed Robin
  3001 | D:3      | Killed Robin
  3571 | D:4      | Reached *** piety under Dithmenos
  4055 | D:4      | Found a glowing silver altar of Zin.
  4528 | D:5      | Reached XP level 7. HP: 40/40 MP: 14/16
  4622 | D:5      | Noticed Pikel
  4637 | D:5      | Killed Pikel
  4638 | D:5      | Reached skill level 9 in Stealth
  4824 | D:5      | Reached skill level 10 in Stealth
  4824 | D:5      | Reached XP level 8. HP: 30/45 MP: 12/17
  5369 | D:6      | Reached skill level 11 in Stealth
  6005 | D:6      | Reached skill level 5 in Spellcasting
  6349 | D:7      | Noticed Maggie
  6367 | D:7      | Killed Maggie
  6368 | D:7      | Reached skill level 12 in Stealth
  6368 | D:7      | Reached XP level 9. HP: 22/49 MP: 1/19
  6464 | D:7      | Reached **** piety under Dithmenos
  6712 | D:7      | Found a flagged portal.
  6718 | Bailey   | Entered a bailey
  7115 | Bailey   | Found the +13 scythe of Curses {drain, curses, Drain}
  7119 | Bailey   | Noticed an orc knight
  7126 | Bailey   | Killed an orc knight
  7127 | Bailey   | Reached skill level 5 in Dodging
  7127 | Bailey   | Reached skill level 5 in Ice Magic
  7252 | D:7      | Learned a level 3 spell: Frozen Ramparts
  7383 | D:7      | Reached XP level 10. HP: 54/54 MP: 22/22
  7384 | D:7      | Reached skill level 5 in Short Blades
  7918 | D:8      | Found a sand-covered staircase.
  7923 | Ossuary  | Entered an ossuary
  7947 | Ossuary  | Reached ***** piety under Dithmenos
  8364 | D:8      | Found a transporter.
  8384 | D:8      | Found a transporter.
  8557 | D:8      | Found a large runed translucent door.
  8559 | D:8      | Found a large runed translucent door.
  8882 | D:8      | Found a transporter.
  8905 | D:8      | Found a transporter.
  9250 | D:8      | Found a white marble altar of Elyvilon.
  9476 | D:8      | Found a broken altar of Ashenzari.
  9488 | D:8      | Found a blossoming altar of Fedhas.
  9687 | D:9      | Reached ****** piety under Dithmenos
  9891 | D:9      | Found a glowing golden altar of the Shining One.
 10360 | D:10     | Entered Level 10 of the Dungeon
 10386 | D:10     | Found a hide-covered altar of Uskayaw.
 10394 | D:10     | Reached skill level 13 in Stealth
 10621 | D:10     | Reached XP level 11. HP: 60/60 MP: 20/23
 10714 | D:10     | Found Evugiaro's Antique Weapon Boutique.
 11708 | D:11     | Learned a level 3 spell: Confusing Touch
 11714 | D:11     | Noticed a boulder beetle
 11720 | D:11     | Killed a boulder beetle
 11721 | D:11     | Reached skill level 14 in Stealth
 12437 | D:11     | Found a staircase to the Lair.
 12539 | Lair:1   | Entered Level 1 of the Lair of Beasts
 12585 | Lair:1   | Reached skill level 1 in Invocations
 12628 | Lair:1   | Identified the +2 short sword of the Dwarven Hall {venom,
                  | rF+}
 13058 | Lair:1   | Reached skill level 10 in Ice Magic
 13530 | Lair:2   | Reached skill level 5 in Fighting
 13530 | Lair:2   | Reached skill level 1 in Shields
 13747 | Lair:2   | Reached XP level 12. HP: 68/68 MP: 24/24
 13873 | Lair:2   | Slain by a bog body

Illustrated notes

Levels and vault maps discovered:
D:1:      minmay_arrival_four_houses, layout_basic, minmay_strange_pillars
D:2:      layout_basic, serial_shops, nicolae_shop_statue_plus,
          dreamdust_ecumenical_altar_statues, uniq_crazy_yiuf_cottage,
          uniq_jessica
D:3:      layout_basic, hellmonk_okawaru_the_only_friend_you_need, serial_shops,
          nicolae_shop_overgrown_old_shop, uniq_robin
D:4:      layout_gridville, mainiacjoe_overflow_boulevard,
          kennysheep_generic_room_4
D:5:      layout_cave_pools, mainiacjoe_overflow_alcove_1,
          minmay_temple_entry_ruins, uniq_pikel
D:6:      layout_gridville, nicolae_sextant
D:7:      cheibrodos_helix_gallery, layout_loops_ring, enter_bailey_3,
          uniq_maggie
D:8:      layout_layer_cave, mainiacjoe_overflow_alcove_2,
          jmf_multi_god_temple2, enter_ossuary_5, nicolae_diode_intersection
D:9:      layout_rooms, nicolae_tso_swordbearing_angel
D:10:     layout_basic, mainiacjoe_overflow_chevrons, serial_shops,
          nicolae_take_the_stairs, kennysheep_minor_cross,
          nicolae_kite_square_tiling_tiny, grunt_decor_resistance
D:11:     layout_rooms, erik_lair_dragon, minmay_misc_feat_secret_circle
Temple:   nicolae_temple_ecumenical_triangle
Lair:1:   layout_roguey
Lair:2:   layout_long_grid, nicolae_swamp_entry_splash_gauntlet,
          serial_bayou_pond_e, st_stairs_11

Skill      XL: |  1  2  3  4  5  6  7  8  9 10 11 |
---------------+----------------------------------+-----
Stealth        | 7 8 10 12 13 14 | 14.7
Spellcasting   | 2 3 4 5 7 |  7.0
Hexes          | 2 3 4 7 8 |  8.0
Ice Magic      | 1 2 5 7 10 | 10.6
Short Blades   | 4 5 |  5.1
Dodging        | 5 8 |  8.6
Fighting       | 3 5 |  5.5
Invocations    | 2 |  2.7
Shields        | 2 |  2.5

Action                     |  1- 3 |  4- 6 |  7- 9 | 10-12 || total
---------------------------+-------+-------+-------+-------++-------
  Melee: Short sword       |   112 |   249 |   274 |   182 ||   817
         Punch             |     3 |     2 |       |       ||     5
         Dagger            |       |       |       |   131 ||   131
         Scimitar          |       |       |       |    60 ||    60
   Cast: Ensorcelled Hiber |       |    36 |    54 |    92 ||   182
  Evoke: Wand              |       |       |    11 |       ||    11
         Lightning rod     |       |       |     1 |     1 ||     2
    Use: Scroll            |     1 |     3 |    11 |     9 ||    24
         Potion            |     1 |       |     1 |       ||     2
   Stab: Sleeping          |     8 |    41 |    54 |   134 ||   237
         Distracted        |       |     1 |     4 |       ||     5
 Armour: Leather armour    |    22 |    31 |    53 |       ||   106
         Acid dragon scale |       |       |     4 |    74 ||    78
  Dodge: Dodged            |   102 |   230 |   260 |   313 ||   905
  Block: Buckler           |       |    20 |    34 |    33 ||    87

Table legend: (Time is in decaauts)
 A = Elapsed time spent in this place.
 B = Non-inter-level travel time spent in this place.
 C = Inter-level travel time spent in this place.
 D = Time resting spent in this place.
 E = Time spent auto-exploring this place.
 F = Levels seen in this place.
 G = Mean time per level.
                   A        B        C        D        E       F      G
               +--------+--------+--------+--------+--------+-----+--------+
         Total |  13726 |  13188 |    538 |   1555 |   7701 |  16 |  857.9 |
       Dungeon |  11516 |  11040 |    476 |   1344 |   6523 |  11 | 1046.9 |
        Temple |     67 |     42 |     25 |      0 |     34 |   1 |   67.0 |
          Lair |   1327 |   1290 |     37 |     91 |    994 |   2 |  663.5 |
       Ossuary |    309 |    309 |      0 |      0 |     65 |   1 |  309.0 |
        Bailey |    505 |    505 |      0 |    120 |     85 |   1 |  505.0 |
               +--------+--------+--------+--------+--------+-----+--------+

Top non-repeatable levels by time:
     D:8: 1362 daAuts
     D:2: 1330 daAuts
     D:4: 1211 daAuts
     D:6: 1129 daAuts
    D:11: 1102 daAuts
    D:10: 1068 daAuts
     D:3: 1000 daAuts
     D:7: 991 daAuts
     D:5: 936 daAuts
  Lair:1: 896 daAuts
     D:9: 782 daAuts
     D:1: 600 daAuts
  Bailey: 505 daAuts
  Lair:2: 431 daAuts
 Ossuary: 309 daAuts
